 Dungeon Crawl Stone Soup version 0.24-a0-358-g53aee78b01 (webtiles) character file.

Game seed: 3995524779586182737

206 Azzok the Chopper (level 6, 0/47 HPs)
             Began as a Formicid Fighter on May 25, 2019.
             Slain by an ogre
             ... wielding a cursed +0 giant club
              (14 damage)
             ... on level 4 of the Dungeon.
             The game lasted 00:03:59 (2991 turns).

Azzok the Chopper (Formicid Fighter)                Turns: 2991, Time: 00:03:59

Health: 0/47       AC:  8    Str: 23    XL:     6   Next: 10%
Magic:  6/6        EV:  8    Int:  7    God:
Gold:   156        SH:  9    Dex: 10    Spells: 5/5 levels left

rFire    . . .     SeeInvis +   a - +0 war axe
rCold    . . .     Gourm    .   c - +0 shield
rNeg     . . .     Faith    .   b - +0 scale mail
rPois    .         Spirit   .   (helmet unavailable)
rElec    .         Reflect  .   (no cloak)
rCorr    .         Harm     .   (no gloves)
MR       .....                  m - +0 pair of boots
Stlth    ..........             (no amulet)
HPRegen  0.15/turn              (no ring)
MPRegen  0.10/turn              (no ring)

@: no status effects
A: permanent stasis, dig shafts and tunnels, four strong arms, antennae 3
a: Dig, Shaft Self


You were on level 4 of the Dungeon.
You were not hungry.

You visited 1 branch of the dungeon, and saw 4 of its levels.

You collected 156 gold pieces.

Inventory:

Hand Weapons
 a - a +0 war axe (weapon)
Armour
 b - a +0 scale mail (worn)
 c - a +0 shield (worn)
 m - a +0 pair of boots (worn)
Wands
 e - a wand of iceblast (8)
 g - a wand of polymorph (5)
Scrolls
 j - a scroll of fear {unknown}
 n - a scroll of remove curse {unknown}
 r - 4 scrolls of teleportation {unknown}
 s - 2 scrolls of amnesia {unknown}
Potions
 d - a potion of might
 h - 2 potions of ambrosia {unknown}
 i - a potion of brilliance {unknown}
 k - a potion of flight {unknown}
 l - 2 potions of berserk rage {unknown}
 o - 2 potions of curing {unknown}
 p - a potion of invisibility {unknown}
 q - 2 potions of agility {unknown}
 u - a potion of magic
Comestibles
 f - 8 rations
 t - 2 chunks of flesh


   Skills:
 - Level 3.2 Fighting
 + Level 5.9 Axes
 - Level 3.2 Armour
 - Level 3.6 Shields


You had 5 spell levels left.
You didn't know any spells.
Your spell library contained the following spells:

 Spells                   Type           Power        Failure   Level  Hunger
 Animate Skeleton         Necr           N/A          98%         1    ##.....
 Apportation              Tloc           #.....       98%         1    ##.....
 Confusing Touch          Hex            #.....       98%         1    ##.....
 Summon Small Mammal      Summ           #...         98%         1    ##.....


Dungeon Overview and Level Annotations

Branches:
Dungeon (4/15)
 Temple: D:4-7

Altars:


Innate Abilities, Weirdness & Mutations

You cannot be hasted, slowed, berserked, paralysed or teleported.
You can dig through walls and to a lower floor.
Your four strong arms can wield two-handed weapons with a shield.
You have a pair of large antennae on your head. (SInv)


Message History

You kill the orc!
You block the ogre's attack.
You hit the ogre.
The ogre is heavily wounded.
An adder comes into view.
The ogre hits you with a cursed +0 giant club.
You hit the ogre.
The ogre is heavily wounded.
You block the ogre's attack.
Your scale mail prevents you from hitting the ogre.
The ogre is heavily wounded.
You block the ogre's attack.
You hit the ogre but do no damage.
The ogre is heavily wounded.
The ogre hits you with a cursed +0 giant club!!
* * * LOW HITPOINT WARNING * * *
You closely miss the ogre.
The ogre is heavily wounded.
The ogre hits you with a cursed +0 giant club!
You die...

·······
·······
·······
···?···
·······
·····
▒·▒·[▒▒▒
▒·?··@·▒
▒▒▒·S▒O▒
▒·· ·▒
···· ··
▒▒▒··
··· ···
·▒·▒
····
▒▒·▒
···· ··


You could see an ogre and an adder.

Vanquished Creatures
  An orc wizard (D:3)
  A bullfrog skeleton (D:2)
  Ijyb (D:3)
  3 adders
  4 worms
  2 dart slugs (D:1)
  A leopard gecko (D:3)
  5 orcs
  6 giant cockroaches
  8 goblins
  6 hobgoblins
  11 jackals
  A ball python (D:3)
  10 bats
  4 frilled lizards
  6 kobolds
  A leopard gecko skeleton (D:4)
  7 rats
78 creatures vanquished.

Notes
Turn   | Place    | Note
-------+----------+-------------------------------------------
     0 | D:1      | Azzok the Formicid Fighter began the quest for the Orb.
     0 | D:1      | Reached XP level 1. HP: 18/18 MP: 1/1
   118 | D:1      | Reached XP level 2. HP: 24/24 MP: 2/2
   187 | D:1      | Reached skill level 3 in Axes
   274 | D:1      | Reached XP level 3. HP: 29/29 MP: 3/3
   874 | D:2      | Reached skill level 4 in Axes
   874 | D:2      | Reached XP level 4. HP: 28/35 MP: 4/4
  1554 | D:2      | Reached XP level 5. HP: 39/41 MP: 5/5
  1826 | D:3      | Reached skill level 5 in Axes
  2285 | D:3      | Noticed Ijyb
  2296 | D:3      | Killed Ijyb
  2737 | D:3      | Reached XP level 6. HP: 40/47 MP: 6/6
  2979 | D:4      | Noticed an ogre
  2991 | D:4      | Slain by an ogre

Levels and vault maps discovered:
D:1:      scummos_arrival_star, layout_loops_ring, minmay_unequal
D:2:      layout_basic, first_ration, minmay_randomly_rotated_circles
D:3:      layout_loops_corners, uniq_ijyb
D:4:      layout_loops_cross, temple_fountains, uniq_menkaure, uniq_robin

Skill      XL: |  1  2  3  4  5 |
---------------+----------------+-----
Axes           | 3 4 5 |  5.9
Fighting       | |  3.2
Armour         | |  3.2
Shields        | |  3.6

Action                   |  1- 3 |  4- 6 || total
-------------------------+-------+-------++-------
Melee: War axe           |    86 |   173 ||   259
  Use: Scroll            |       |     2 ||     2
  Eat: Chunk             |       |     7 ||     7
Armor: Scale mail        |    33 |    91 ||   124
Dodge: Dodged            |    28 |    71 ||    99
Block: Shield            |    45 |   104 ||   149

Table legend:
 A = Non-vault XP
 B = Vault XP
 C = Vault XP percentage of total XP
 D = Non-vault monster count
 E = Vault monster count
 F = Vault count percentage of total count
                 A         B        C        D         E       F
            +---------+---------+-------+---------+---------+-------
      Total |     243 |      52 |  17.6 |      69 |       9 |  11.5
            +---------+---------+-------+---------+---------+-------
        D:1 |      51 |       3 |   5.6 |      28 |       2 |   6.7
        D:2 |      87 |      13 |  13.0 |      22 |       6 |  21.4
        D:3 |     101 |      36 |  26.3 |      17 |       1 |   5.6
        D:4 |       4 |       0 |   0.0 |       2 |       0 |   0.0
            +---------+---------+-------+---------+---------+-------
